Map: Dusk Towers

Players

Rawwwwwrmill

  • Race: Terran Terran
  • League: Diamond

LilDicky - Winner!

  • Race: Terran Terran
  • League: Diamond

VOD

http://www.twitch.tv/tumescentpie

Description

Time

  • Played on: Dec. 8, 2015, 6:51 a.m.
  • Length: 10:38
Show
View Real Time Build Order
Export as new Build Order

Rawwwwwrmill Terran 

Build Orders: Reaper Expand, MMM Bio 

Get SALT Encoding   

  12  0:01  SCV  
  13  0:13  SCV  
  14  0:18  Supply Depot  
  14  0:26  SCV  
  15  0:39  SCV  
  15  0:42  Barracks  
  16  0:45  Refinery  
  16  0:51  SCV  
  17  1:04  SCV  
  18  1:16  SCV  
  19  1:29  Reaper  
  19  1:30  Orbital Command  
  20  1:49  Command Center  
  20  1:55  SCV  
  21  2:04  Marine  
  22  2:08  Factory  
  22  2:09  SCV  
  22  2:12  Supply Depot  
  23  2:23  Barracks Tech Lab  
  23  2:34  SCV  
  24  2:42  Marine  
  25  2:46  SCV, Refinery, Barracks  
  26  2:52  Hellion, Stimpack  
  26  2:58  SCV  
  29  3:01  Orbital Command  
  29  3:04  Marine  
  30  3:10  SCV  
  31  3:13  Hellion  
  33  3:24  Starport  
  33  3:28  SCV  
  33  3:30  SCV  
  33  3:32  Marine  
  36  3:40  SCV  
  37  3:42  SCV, Marine  
  37  3:48  Engineering Bay  
  39  3:50  Marine  
  39  3:52  SCV  
  39  3:54  SCV  
  39  3:55  Factory Reactor  
  42  4:01  Supply Depot  
  42  4:02  Viking  
  42  4:04  SCV  
  42  4:06  SCV  
  42  4:09  Barracks Reactor  
  46  4:16  Barracks  
  46  4:22  SCV x2, Marine  
  49  4:30  Missile Turret  
  49  4:31  Supply Depot, Missile Turret  
  49  4:34  SCV  
  49  4:35  Medivac  
  52  4:40  SCV  
  52  4:41  Terran Infantry Weapons Level 1  
  52  4:42  Marine  
  54  4:51  Supply Depot  
  54  4:53  SCV x2, Marine x2  
  54  4:55  Combat Shields  
  54  4:59  Factory Tech Lab  
  58  5:05  SCV  
  57  5:16  Marine x2  
  57  5:17  Marine x3  
  57  5:18  SCV, Siege Tank  
  66  5:24  Supply Depot, Refinery  
  66  5:31  SCV  
  66  5:33  SCV, Refinery  
  66  5:34  Marine x2  
  70  5:41  Supply Depot  
  70  5:45  Medivac, Marine x3  
  74  5:58  SCV  
  74  6:02  Marine x2  
  74  6:03  Marine  
  74  6:04  Siege Tank  
  80  6:07  Marine x2  
  80  6:10  SCV  
  83  6:19  Marine  
  83  6:21  Marine x2  
  86  6:26  Supply Depot  
  86  6:45  Terran Infantry Armor Level 1  
  86  6:47  Marine x3  
  86  6:48  SCV  
  86  6:49  Supply Depot  
  86  6:50  Viking  
  86  6:52  Command Center  
  92  6:58  SCV  
  92  6:59  Armory, Engineering Bay  
  93  7:08  Marine  
  94  7:10  Marine x4  
  94  7:11  SCV  
  94  7:12  Supply Depot  
  94  7:14  Siege Tank  
  102  7:16  Supply Depot  
  102  7:32  Supply Depot  
  102  7:34  Viking, Marine x4  
  108  7:42  Marine  
  108  7:43  SCV  
  110  7:46  Siege Tank  
  113  7:51  Marine  
  113  7:54  Marine x2  
  113  7:55  SCV  
  114  8:12  SCV, Marine x3  
  64  8:28  Marine  
  64  8:29  Marine  
  64  8:30  Marine  
  67  8:34  Marine  
  67  8:35  Marine  
  67  8:38  Siege Tank, Medivac  
  67  8:40  Orbital Command  
  74  8:46  Marine x2  
  73  8:50  Marine  
  73  8:51  SCV  
  73  8:52  Marine x2  
  71  9:04  Marine x2  
  71  9:08  Marine  
  72  9:10  Marine x2  
  66  9:20  Medivac  
  66  9:21  SCV  
  66  9:22  Marine x2  
  74  9:26  SCV, Marine  
  74  9:32  Marine  
  74  9:33  Marine  
  75  9:45  Marine x2  
  60  9:49  Factory  
  58  9:55  Medivac  
  58  9:58  Marine x3  
  63  10:03  Missile Turret x2, Marine  
  65  10:09  SCV  
  66  10:16  Marine x2  
Show
View Real Time Build Order
Export as new Build Order

LilDicky Terran - Winner!

Build Orders: Banshee Rush 

Get SALT Encoding   

  12  0:02  SCV  
  13  0:14  SCV  
  13  0:18  Supply Depot  
  14  0:26  SCV  
  14  0:28  Refinery  
  15  0:40  SCV  
  16  0:45  Barracks  
  16  0:52  SCV  
  17  1:04  SCV  
  18  1:16  SCV  
  19  1:32  Supply Depot, Marine  
  20  1:36  Orbital Command  
  20  1:49  Factory  
  20  1:57  Command Center  
  20  2:01  Reaper  
  21  2:09  Refinery  
  21  2:11  SCV  
  22  2:16  Supply Depot  
  22  2:25  SCV  
  22  2:37  SCV  
  23  2:48  Factory Tech Lab  
  23  2:49  Starport, Marine  
  24  2:53  SCV  
  25  2:59  Supply Depot  
  25  3:05  SCV  
  26  3:07  Marine  
  27  3:20  SCV  
  28  3:36  Orbital Command  
  28  3:39  Refinery  
  28  3:41  Banshee, Marine  
  29  3:42  Cloaking Field  
  29  3:43  SCV  
  29  3:44  Factory Tech Lab  
  33  3:58  Factory  
  33  4:00  SCV  
  34  4:03  SCV  
  34  4:04  Marine  
  34  4:09  Siege Tank  
  39  4:12  SCV  
  40  4:18  SCV  
  41  4:24  Banshee  
  41  4:25  Marine  
  45  4:33  SCV  
  45  4:37  SCV  
  47  4:42  Marine  
  47  4:44  Refinery  
  48  4:45  SCV  
  48  4:47  Siege Tank, Engineering Bay  
  48  4:48  Factory Tech Lab  
  48  4:49  SCV  
  53  4:53  Supply Depot  
  53  4:56  Supply Depot  
  53  4:58  SCV  
  51  5:15  Siege Tank  
  51  5:16  SCV, Marine  
  51  5:19  Viking, Siege Tank  
  61  5:27  Starport  
  61  5:31  Missile Turret  
  61  5:36  SCV  
  61  5:37  Missile Turret  
  61  5:40  SCV  
  60  5:51  Siege Tank x2  
  66  6:02  Viking  
  66  6:03  Marine  
  69  6:06  SCV  
  69  6:10  Supply Depot  
  70  6:14  SCV  
  70  6:15  Supply Depot, Viking  
  72  6:24  Marine  
  76  6:25  Siege Tank  
  76  6:38  Siege Tank  
  79  6:40  Banshee  
  82  6:50  Supply Depot  
  82  6:53  Missile Turret  
  82  6:55  SCV, Missile Turret  
  83  7:20  SCV x2  
  85  7:29  Marine  
  86  7:30  Siege Tank x2  
  86  7:31  Viking x2  
  94  8:25  Siege Tank x2  
  93  8:32  Viking  
  93  8:33  Viking  
  96  8:57  Siege Tank  
  97  9:06  Siege Tank  
  97  9:09  Banshee  
  100  9:36  Supply Depot x2  
  100  9:38  Supply Depot  
  100  9:39  Command Center, SCV  
  100  9:41  Siege Tank  
  101  9:46  Starport Tech Lab  
  101  9:58  Siege Tank  
  101  9:59  Starport  
  107  10:00  Starport  
  107  10:02  Refinery  
  107  10:08  Refinery  
  107  10:10  Command Center  
Tags
 
Add a new tag
Caveats
  • Supply blocks, unpowered buildings, or Contaminate may cause inaccurate times.
  • Supply counts are checked every 10 seconds.